AoeStats
← Panzerkore

Nomad

510907171Analyzed
4v4 RM · 11h ago on Oct 3, 2026· 39m 35s· 8 players
Game mode
Random Map
Map size
231×231
Population
200
Speed
Normal
Resources
Standard
Victory
Conquest
Starting age
Dark Age
Ending age
Imperial Age
RankedLock teamsTeams togetherTeam positionsShared explorationLock speedFull tech treeHidden civsTurbo modeCheats
Victory
Defeat
🇺🇸 Persians · United States
1415
+8
🇺🇸 Varangians · United States
1249
+14
🇺🇸 Franks · United States
1121
+19
🇺🇸 Romans · United States
1092
+21
🇧🇷 Dravidians · Brazil
1256
-17
🇭🇰 Huns · Hong Kong SAR China
1246
-17
🇦🇺 Koreans · Australia
1172
-14
🇺🇸 Gurjaras · United States
1160
-14
Howie
4:06 Loom
14:14 Feudal Age
16:41 Double-Bit Axe
19:11 Castle Age
17:28 Horse Collar
18:05 Scale Barding Armor
31:53 Town Watch
33:14 Wheelbarrow
38:14 Imperial Age
36:35 Bloodlines
36:26 Husbandry
37:27 Gold Mining
38:24 Chain Barding Armor
osteor10
6:46 Loom
14:10 Feudal Age
18:45 Castle Age
17:45 Scale Barding Armor
18:31 Scale Mail Armor
19:39 Husbandry
29:28 Fishing Lines
29:52 Double-Bit Axe
30:40 Gillnets
35:37 Wheelbarrow
34:53 Town Watch
35:24 Forging
36:43 Hand Cart
37:44 Bow Saw
38:16 Chain Barding Armor
Panzerkore
5:23 Loom
15:05 Feudal Age
15:06 Man-at-Arms
16:29 Scale Mail Armor
17:23 Forging
23:02 Castle Age
23:19 Scale Barding Armor
24:01 Squires
23:22 Long Swordsman
24:20 Chain Mail Armor
36:19 Husbandry
36:30 Bloodlines
38:13 Fletching
38:30 Double-Bit Axe
38:29 Horse Collar
bkg45
5:02 Loom
13:25 Feudal Age
15:19 Town Watch
19:12 Castle Age
17:12 Double-Bit Axe
17:53 Gold Mining
18:07 Fishing Lines
19:53 Bow Saw
20:20 Forging
20:28 Horse Collar
20:40 Gillnets
22:31 Medium Warships
30:05 Fletching
32:31 Scale Barding Armor
33:25 Bloodlines
33:15 Husbandry
34:52 Chain Barding Armor
36:08 Iron Casting
37:52 Gold Shaft Mining
two_fish
6:26 Loom
15:45 Feudal Age
19:53 Castle Age
18:05 Fletching
18:25 Padded Archer Armor
20:41 Demolition Ship
21:36 Medium Warships
21:28 Double-Bit Axe
22:18 Leather Archer Armor
22:55 Bow Saw
29:02 Imperial Age
27:25 Horse Collar
31:34 Conscription
32:31 Scale Mail Armor
32:42 Forging
35:04 Iron Casting
34:44 Chain Mail Armor
38:24 Wheelbarrow
[MassA]Azrael
4:49 Loom
13:03 Feudal Age
18:03 Castle Age
17:55 Double-Bit Axe
21:01 Wheelbarrow
23:48 Fletching
小兵兵兵
4:18 Loom
14:55 Feudal Age
18:53 Castle Age
17:30 Scale Barding Armor
18:04 Double-Bit Axe
18:00 Horse Collar
19:54 Fletching
23:07 Chain Barding Armor
22:57 Forging
25:37 Man-at-Arms
27:13 Town Watch
27:27 Gold Mining
29:50 Bloodlines
29:40 Husbandry
35:23 Man-at-Arms
39:56 Imperial Age
Bread
14:40 Feudal Age
12:57 Loom
15:24 Fishing Lines
15:33 Double-Bit Axe
20:20 Castle Age
19:06 Fletching
19:40 Horse Collar
20:01 Stone Mining
21:19 Bow Saw
24:18 Wheelbarrow
25:49 Gold Mining
28:11 Squires
27:31 Pikeman
28:26 Gillnets
31:35 Murder Holes
33:05 Masonry
36:04 Bodkin Arrow
36:49 Husbandry
39:11 Eupseong
Connection lost

Rejoining the realm…

Still unreachable

The connection could not be restored.

Session expired

The server has moved on; the page needs a fresh start.